 Dungeon Crawl Stone Soup version 0.30-a0-913-g9934a0ce24 (webtiles) character file.

Game seed: 16149766636703429256

28 Zonian the Ruffian (level 3, 0/18 HPs)
             Began as a Vine Stalker Gladiator on Mar 19, 2023.
             Slain by a gnoll
             ... wielding a +0 club
              (4 damage)
             ... on level 2 of the Dungeon.
             The game lasted 00:01:16 (820 turns).

Zonian the Ruffian (Vine Stalker Gladiator)          Turns: 820, Time: 00:01:17

Health: 0/18       AC:  4    Str: 18    XL:     3   Next: 12%
Magic:  0/4        EV: 12    Int:  8    God:
Gold:   55         SH:  0    Dex: 15    Spells: 2/2 levels left

rFire   . . .      SeeInvis .      - Unarmed
rCold   . . .      Faith    .    (no shield)
rNeg    . . .      Spirit   +    a - +0 leather armour
rPois   .          Reflect  .    b - +0 helmet
rElec   .          Rampage  .    (no cloak)
rCorr   .                        (no gloves)
Will    .....                    (no boots)
Stlth   ++                       (no amulet)
HPRegen 0.23/turn                (no ring)
MPRegen 0.09/turn                (no ring)

@: no status effects
A: fangs 2, magic shield, antimagic bite, no potion heal 2
a: no special abilities


You were on level 2 of the Dungeon.
You visited 1 branch of the dungeon, and saw 2 of its levels.

You collected 55 gold pieces.

Inventory:

Missiles
 c - 2 throwing nets (quivered)
 d - a javelin
Armour
 a - a +0 leather armour (worn)
 b - a +0 helmet (worn)
Scrolls
 e - a scroll of immolation {unknown}
 f - a scroll of enchant armour {unknown}
 g - a scroll of identify {unknown}
 i - a scroll of teleportation {unknown}
 l - a scroll of silence {unknown}
 m - a scroll of amnesia {unknown}
Potions
 h - a potion of heal wounds {unknown}
 j - a potion of invisibility {unknown}
 k - a potion of attraction {unknown}


   Skills:
 + Level 2.2 Fighting
 - Level 2.0 Throwing
 - Level 2.5 Dodging
 + Level 1.1 Stealth
 + Level 3.3 Unarmed Combat


You had 2 spell levels left.
You didn't know any spells.
Your spell library contained the following spells:

 Spells                   Type           Power      Damage    Failure   Level
 Ozocubu's Armour         Ice            0%         N/A       83%         3
 Metabolic Englaciation   Hex/Ice        0%         N/A       100%        5
 Simulacrum               Ice/Necr       0%         N/A       100%        6


Dungeon Overview and Level Annotations

Branches:
Dungeon (2/15)

Altars:


Innate Abilities, Weirdness & Mutations

You have extremely sharp teeth.
When hurt, damage is shared between your health and your magic reserves.
Your bite disrupts and absorbs the magic of your enemies.
Potions cannot restore your health.


Message History

You open the door.
There is an open door here.
A gnoll comes into view. It is wielding a +0 club.
A gnoll is nearby!
Unknown command.
A gnoll comes into view. It is wielding a +0 spear.
The gnoll shouts!
A gnoll comes into view. It is wielding a +0 club.
The gnoll shouts!
The gnoll throws a throwing net.
The throwing net hits you.
You become entangled in the net!
You see here a throwing net.
You are held in a net!
You are held in a net!
You are held in a net!
Unknown command.
You struggle against the net.
You struggle against the net.
The gnoll hits you from afar with a +0 spear.
The gnoll barely misses you.
You shred the net and break free!
The gnoll hits you from afar with a +0 spear.
The gnoll hits you with a +0 club.
You completely miss the gnoll. Your bite misses the gnoll.
The gnoll hits you with a +0 club.
* * * LOW HITPOINT WARNING * * *
The gnoll barely misses you.
You closely miss the gnoll. Your bite misses the gnoll.
The gnoll closely misses you. The gnoll hits you with a +0 club.
* * * LOW HITPOINT WARNING * * *
Throw: 3 throwing nets
Press: ? - help, Q - select action, (/) - cycle Shift-Dir - straight line, f - gnoll
Aim: a gnoll, wielding a +0 club (64% to hit)
You throw a throwing net.
The throwing net barely misses the gnoll.
The throwing net closely misses the gnoll. x2
The gnoll barely misses you. The gnoll misses you.
You closely miss the gnoll. Your bite misses the gnoll.
The gnoll hits you with a +0 club.
You die...

#### ##.#########
#... (...ggg@...#
#.## .#.#######.#
#.# #.# #.## #.#
#... #.### ###.
#...# #.
#########.# #.
##+## #.........#
#.
##...###.#######.#
#.


You could see 3 gnolls.

Vanquished Creatures
  2 dart slugs
  3 ball pythons
  An endoplasm (D:1)
  A giant cockroach (D:1)
  A hobgoblin (D:2)
  A quokka (D:1)
  3 bats
  2 frilled lizards (D:1)
  5 goblins (D:1)
  3 kobolds
  A rat (D:1)
23 creatures vanquished.

Notes
Turn   | Place    | Note
-------+----------+-------------------------------------------
     0 | D:1      | Zonian the Vine Stalker Gladiator began the quest for the
                  | Orb.
     0 | D:1      | Reached XP level 1. HP: 11/11 MP: 2/2
   117 | D:1      | Reached XP level 2. HP: 15/15 MP: 3/3
   703 | D:2      | Reached XP level 3. HP: 18/18 MP: 4/4
   704 | D:2      | Reached skill level 1 in Stealth
   820 | D:2      | Slain by a gnoll

Illustrated notes

Levels and vault maps discovered:
D:1:      dpeg_arrival_castle, layout_rooms
D:2:      layout_loops_corners, kennysheep_generic_room_3

Skill      XL: |  1  2  3 |
---------------+----------+-----
Throwing       | 2 |  2.0
Fighting       | 2 |  2.2
Stealth        | 1 |  1.1
Dodging        | |  2.5
Unarmed Combat | |  3.3

Action                     || total
---------------------------++-------
  Melee: Unarmed           ||    70
         Bite              ||    22
         Punch             ||     4
  Throw: Throwing net      ||     1
   Stab: Sleeping          ||     2
 Armour: Leather armour    ||    15
  Dodge: Dodged            ||    40

Table legend: (Time is in decaauts)
 A = Elapsed time spent in this place.
 B = Non-inter-level travel time spent in this place.
 C = Inter-level travel time spent in this place.
 D = Time resting spent in this place.
 E = Time spent auto-exploring this place.
 F = Levels seen in this place.
 G = Mean time per level.
                   A        B        C        D        E       F      G
               +--------+--------+--------+--------+--------+-----+--------+
         Total |    821 |    802 |     19 |      0 |    598 |   2 |  410.5 |
       Dungeon |    821 |    802 |     19 |      0 |    598 |   2 |  410.5 |
               +--------+--------+--------+--------+--------+-----+--------+

Top non-repeatable levels by time:
     D:1: 488 daAuts
     D:2: 333 daAuts
